BSA
JERSEY SHORE D-BAGS @ KANSAS CITY KINGS
04/23/2030
 
TOP OF THE 1ST
Jersey Shore D-Bags batting - Pitching for Kansas City Kings : LHP Osvaldo Cruz
Pitching: LHP Osvaldo Cruz
Batting: LHB José Delgado 0-0: Called Strike
0-1: Foul Ball, location: 2F
0-2: Ball
1-2: Ball
2-2: SINGLE (Groundball, 4D)
Batting: RHB Mike Ingram 0-0: Ground out 6-3 (Groundball, 6S)
José Delgado to second
Batting: RHB Miguel Serna 0-0: Ball
1-0: Called Strike
1-1: SINGLE (Line Drive, 7S)
José Delgado to third
Runner from 3rd tries for Home, SAFE, no throw
Batting: LHB Dave Dodd 0-0: Ball
1-0: Called Strike
1-1: Ball
2-1: Called Strike
2-2: Fly out, F3 (Popup, 3SF)
Batting: RHB Ben Morton 0-0: Ball
1-0: Foul Ball, location: 2F
1-1: Ball
2-1: Fielders Choice at 2nd, 6-4 (Groundball, 56D)
Top of the 1st over - 1 run, 2 hits, 0 errors, 1 left on base; Jersey Shore 1 - Kansas City 0
BOTTOM OF THE 1ST
Kansas City Kings batting - Pitching for Jersey Shore D-Bags : RHP Jorge Villalobos
Pitching: RHP Jorge Villalobos
Batting: SHB Douglas Taylor 0-0: Called Strike
0-1: Ball
1-1: Swinging Strike
1-2: Foul Ball, location: 2F
1-2: Strikes out swinging
Batting: RHB Dave Parker 0-0: Ball
1-0: SINGLE (Groundball, 2R) (infield hit)
Batting: RHB Chris Chandler 0-0: Called Strike
0-1: Foul Ball, location: 2F
0-2: Ball
1-2: Hit by Pitch
Dave Parker to second
Batting: LHB Ron Crawford 0-0: Ball
1-0: Fly out, F7 (Flyball, 7LM)
Batting: RHB John Anderson 0-0: Ball
1-0: Ball
2-0: Called Strike
2-1: Called Strike
2-2: Ball
3-2: SINGLE (Groundball, 34D)
Dave Parker to third
Chris Chandler to second
Dave Parker scores
Chris Chandler to third
Batting: RHB Eric Fuller 0-0: Swinging Strike
0-1: Ground out 4-3 (Groundball, 4)
Bottom of the 1st over - 1 run, 2 hits, 0 errors, 2 left on base; Jersey Shore 1 - Kansas City 1
TOP OF THE 2ND
Jersey Shore D-Bags batting - Pitching for Kansas City Kings : LHP Osvaldo Cruz
Batting: RHB Francisco Sandoval 0-0: Ball
1-0: SINGLE (Line Drive, 4MD)
Batting: RHB José Pinto 0-0: Foul Ball, location: 2F
0-1: Ball
1-1: Foul Ball, location: 2F
1-2: Ball
2-2: Foul Ball, location: 2F
2-2: Ball
3-2: SINGLE (Groundball, 25) (infield hit)
Francisco Sandoval to second
Batting: RHB Augusto Baca 0-0: Ball
1-0: Fielders Choice at 2nd, 1-6 (Groundball, P)
Francisco Sandoval to third
Batting: RHB Tetsunori Ito 0-0: Ball
1-0: Called Strike
1-1: Ball
2-1: Foul Ball, location: 2F
2-2: Strikes out looking
Batting: LHB José Delgado 0-0: Ball
1-0: SINGLE (Groundball, 25) (infield hit)
Francisco Sandoval scores
Augusto Baca to second
Batting: RHB Mike Ingram 0-0: Ball
1-0: Ground out 1-3 (Groundball, 13)
Top of the 2nd over - 1 run, 3 hits, 0 errors, 2 left on base; Jersey Shore 2 - Kansas City 1
BOTTOM OF THE 2ND
Kansas City Kings batting - Pitching for Jersey Shore D-Bags : RHP Jorge Villalobos
Batting: LHB Luis González 0-0: DOUBLE (Groundball, 3L)
Batting: RHB Dennis Garner 0-0: Called Strike
0-1: Ball
1-1: Ball
2-1: Foul Ball, location: 2F
2-2: Foul Ball, location: 2F
2-2: Ground out 4-3 (Groundball, 34)
Luis González to third
Batting: RHB Dave Anderson 0-0: Ball
1-0: Ball
2-0: Ball
3-0: Called Strike
3-1: Base on Balls
Batting: SHB Douglas Taylor 0-0: Ball
1-0: Called Strike
1-1: Foul Ball, location: 2F
1-2: Fly out, F8 (Flyball, 8LS)
Runner from 3rd tags up, SCORES, no throw
Batting: RHB Dave Parker 0-0: Ball
1-0: Swinging Strike
1-1: Fly out, F7 (Flyball, 7LM)
Bottom of the 2nd over - 1 run, 1 hit, 0 errors, 1 left on base; Jersey Shore 2 - Kansas City 2
TOP OF THE 3RD
Jersey Shore D-Bags batting - Pitching for Kansas City Kings : LHP Osvaldo Cruz
Batting: RHB Miguel Serna 0-0: Ground out 5-3 (Groundball, 56)
Batting: LHB Dave Dodd 0-0: Called Strike
0-1: Fly out, F6 (Line Drive, 6)
Batting: RHB Ben Morton 0-0: Ball
1-0: Ground out 3-1 (Groundball, 34S)
Top of the 3rd over - 0 runs, 0 hits, 0 errors, 0 left on base; Jersey Shore 2 - Kansas City 2
BOTTOM OF THE 3RD
Kansas City Kings batting - Pitching for Jersey Shore D-Bags : RHP Jorge Villalobos
Batting: RHB Chris Chandler 0-0: Ball
1-0: Fly out, F6 (Line Drive, 6)
Batting: LHB Ron Crawford 0-0: Ball
1-0: SINGLE (Groundball, 34D)
Batting: RHB John Anderson 0-0: Ball
Wild Pitch!
Ron Crawford to second
1-0: Ground out U3 (Groundball, 34)
Ron Crawford to third
Batting: RHB Eric Fuller 0-0: Ball
1-0: Ball
2-0: Foul Ball, location: 2F
2-1: Called Strike
2-2: Ground out 3-1 (Groundball, 34)
Bottom of the 3rd over - 0 runs, 1 hit, 0 errors, 1 left on base; Jersey Shore 2 - Kansas City 2
TOP OF THE 4TH
Jersey Shore D-Bags batting - Pitching for Kansas City Kings : LHP Osvaldo Cruz
Batting: RHB Francisco Sandoval 0-0: Ground out U3 (Groundball, 3S)
Batting: RHB José Pinto 0-0: Called Strike
0-1: Foul Ball, location: 2F
0-2: Strikes out swinging
Batting: RHB Augusto Baca 0-0: Called Strike
0-1: Called Strike
0-2: Foul Ball, location: 2F
0-2: Foul Ball, location: 2F
0-2: Strikes out looking
Top of the 4th over - 0 runs, 0 hits, 0 errors, 0 left on base; Jersey Shore 2 - Kansas City 2
BOTTOM OF THE 4TH
Kansas City Kings batting - Pitching for Jersey Shore D-Bags : RHP Jorge Villalobos
Batting: LHB Luis González 0-0: Ball
1-0: Called Strike
1-1: Ball
2-1: Swinging Strike
2-2: Strikes out looking
Batting: RHB Dennis Garner 0-0: Ball
1-0: Fly out, F9 (Flyball, 9D)
Batting: RHB Dave Anderson 0-0: Called Strike
0-1: Ground out U3 (Groundball, 3)
Bottom of the 4th over - 0 runs, 0 hits, 0 errors, 0 left on base; Jersey Shore 2 - Kansas City 2
TOP OF THE 5TH
Jersey Shore D-Bags batting - Pitching for Kansas City Kings : LHP Osvaldo Cruz
Batting: RHB Tetsunori Ito 0-0: Ball
1-0: Ball
2-0: Ball
3-0: Called Strike
3-1: Called Strike
3-2: Base on Balls
Batting: LHB José Delgado 0-0: Ball
Wild Pitch!
Tetsunori Ito to second
1-0: Ball
2-0: Fly out, F4 (Line Drive, 4)
Batting: RHB Mike Ingram 0-0: Called Strike
0-1: Ball
1-1: Foul Ball, location: 2F
1-2: SINGLE (Groundball, 4MD)
Tetsunori Ito to third
Runner from 3rd tries for Home, SAFE, no throw
Batting: RHB Miguel Serna 0-0: Called Strike
0-1: Ball
1-1: Foul Ball, location: 2F
1-2: Fly out, F6 (Flyball, 56D)
Batting: LHB Dave Dodd 0-0: Called Strike
0-1: Foul Ball, location: 2F
0-2: Ball
1-2: Strikes out looking
Top of the 5th over - 1 run, 1 hit, 0 errors, 1 left on base; Jersey Shore 3 - Kansas City 2
BOTTOM OF THE 5TH
Kansas City Kings batting - Pitching for Jersey Shore D-Bags : RHP Jorge Villalobos
Batting: SHB Douglas Taylor 0-0: Called Strike
0-1: Ball
1-1: Ball
2-1: Ball
3-1: Called Strike
3-2: Strikes out looking
Batting: RHB Dave Parker 0-0: Called Strike
0-1: Ball
1-1: Ball
2-1: Called Strike
2-2: Ball
3-2: Base on Balls
Batting: RHB Chris Chandler 0-0: Ball
1-0: Swinging Strike
1-1: Foul Ball, location: 2F
1-2: Ball
2-2: Ball
3-2: Foul Ball, location: 2F
3-2: Foul Ball, location: 2F
3-2: Strikes out looking
Batting: LHB Ron Crawford 0-0: Swinging Strike
0-1: Ball
1-1: Ball
2-1: Ball
3-1: Foul Ball, location: 2F
3-2: Foul Ball, location: 2F
3-2: Base on Balls
Dave Parker to second
Batting: RHB John Anderson 0-0: DOUBLE (Line Drive, 78D)
Dave Parker scores
Ron Crawford to third
Runner from 3rd tries for Home, SAFE, no throw
Batting: RHB Eric Fuller 0-0: Foul Ball, location: 2F
0-1: Foul Ball, location: 2F
0-2: Strikes out swinging
Bottom of the 5th over - 2 runs, 1 hit, 0 errors, 1 left on base; Jersey Shore 3 - Kansas City 4
TOP OF THE 6TH
Jersey Shore D-Bags batting - Pitching for Kansas City Kings : LHP Osvaldo Cruz
Batting: RHB Ben Morton 0-0: Fly out, F8 (Flyball, 8RM)
Batting: RHB Francisco Sandoval 0-0: Ball
1-0: Called Strike
1-1: Called Strike
1-2: Ball
2-2: Ball
3-2: Foul Ball, location: 2F
3-2: Foul Ball, location: 2F
3-2: Foul Ball, location: 2F
3-2: Foul Ball, location: 2F
3-2: Foul Ball, location: 2F
3-2: Fly out, F4 (Line Drive, 4)
Batting: RHB José Pinto 0-0: Ground out U3 (Groundball, 3)
Top of the 6th over - 0 runs, 0 hits, 0 errors, 0 left on base; Jersey Shore 3 - Kansas City 4
BOTTOM OF THE 6TH
Kansas City Kings batting - Pitching for Jersey Shore D-Bags : RHP Jorge Villalobos
Batting: LHB Luis González 0-0: Foul Ball, location: 2F
0-1: SINGLE (Groundball, 4MD)
Batting: RHB Dennis Garner 0-0: Foul Ball, location: 2F
0-1: Ball
1-1: Ball
2-1: Foul Ball, location: 2F
2-2: Ball
3-2: Strikes out swinging
Batting: RHB Dave Anderson 0-0: Ball
1-0: Called Strike
1-1: Ball
2-1: Grounds into double play, 6-4-3 (Groundball, 6)
Bottom of the 6th over - 0 runs, 1 hit, 0 errors, 0 left on base; Jersey Shore 3 - Kansas City 4
TOP OF THE 7TH
Jersey Shore D-Bags batting - Pitching for Kansas City Kings : LHP Osvaldo Cruz
Batting: RHB Augusto Baca 0-0: Fly out, F9 (Flyball, 9LM)
Batting: RHB Tetsunori Ito 0-0: Ball
1-0: Foul Ball, location: 2F
1-1: Ball
2-1: Ground out 5-3 (Groundball, 5L)
Batting: LHB José Delgado 0-0: Called Strike
0-1: Ball
1-1: Ball
2-1: Ball
3-1: Called Strike
3-2: Ground out 3-1 (Groundball, 34D)
Top of the 7th over - 0 runs, 0 hits, 0 errors, 0 left on base; Jersey Shore 3 - Kansas City 4
BOTTOM OF THE 7TH
Kansas City Kings batting - Pitching for Jersey Shore D-Bags : RHP Jorge Villalobos
Batting: SHB Douglas Taylor 0-0: Ball
1-0: Called Strike
1-1: Ground out 6-3 (Groundball, 4MD)
Batting: RHB Dave Parker 0-0: Ball
1-0: Ball
2-0: Foul Ball, location: 2F
2-1: Ground out 1-3 (Groundball, 13S)
Batting: RHB Chris Chandler 0-0: Foul Ball, location: 2F
0-1: Foul Ball, location: 2F
0-2: Ball
1-2: SINGLE (Line Drive, 7S)
Batting: LHB Ron Crawford 0-0: Called Strike
0-1: Called Strike
0-2: Strikes out swinging
Bottom of the 7th over - 0 runs, 1 hit, 0 errors, 1 left on base; Jersey Shore 3 - Kansas City 4
TOP OF THE 8TH
Jersey Shore D-Bags batting - Pitching for Kansas City Kings : LHP Osvaldo Cruz
Batting: RHB Mike Ingram 0-0: Ball
1-0: Called Strike
1-1: Foul Ball, location: 2F
1-2: Ball
2-2: Ball
3-2: Foul Ball, location: 2F
3-2: Strikes out swinging
Batting: RHB Miguel Serna 0-0: Foul Ball, location: 2F
0-1: Ball
1-1: Called Strike
1-2: Strikes out swinging
Batting: LHB Dave Dodd 0-0: SOLO HOME RUN (Flyball, 7D), Distance : 360 ft
Pitching: RHP Alberto Bonilla
Batting: RHB Ben Morton 0-0: Ball
1-0: Foul Ball, location: 2F
1-1: Ball
2-1: Called Strike
2-2: Foul Ball, location: 2F
2-2: Ball
3-2: Fly out, F8 (Flyball, 8LM)
Top of the 8th over - 1 run, 1 hit, 0 errors, 0 left on base; Jersey Shore 4 - Kansas City 4
BOTTOM OF THE 8TH
Kansas City Kings batting - Pitching for Jersey Shore D-Bags : RHP Jorge Villalobos
Pitching: LHP Hyo-chin Kim
Batting: RHB John Anderson 0-0: Ball
1-0: Fly out, F9 (Flyball, 89S)
Batting: RHB Eric Fuller 0-0: Fly out, F8 (Flyball, 8LXD)
Pinch Hitting: RHB Rafael Carreón 0-0: Called Strike
0-1: Ball
1-1: Ball
2-1: Ball
3-1: Base on Balls
Pinch Hitting: RHB Gregg Nelson 0-0: Called Strike
0-1: Ball
1-1: Ball
2-1: Foul Ball, location: 2F
2-2: Ball
3-2: Base on Balls
Rafael Carreón to second
Batting: RHB Dave Anderson 0-0: Ball
1-0: Ground out 4-3 (Groundball, 4)
Bottom of the 8th over - 0 runs, 0 hits, 0 errors, 2 left on base; Jersey Shore 4 - Kansas City 4
TOP OF THE 9TH
Jersey Shore D-Bags batting - Pitching for Kansas City Kings : RHP Alberto Bonilla
Pitching: RHP Nick Parks
Now at SS: Gregg Nelson
Now in LF: Jesús Bueno
Batting: RHB Francisco Sandoval 0-0: Called Strike
0-1: Foul Ball, location: 2F
0-2: Ball
1-2: Foul Ball, location: 2F
1-2: Ball
2-2: Foul Ball, location: 2F
2-2: Strikes out swinging
Pinch Hitting: LHB Ray Bryant 0-0: Foul Ball, location: 2F
0-1: Ball
1-1: Ground out 1-3 (Groundball, P)
Pinch Hitting: LHB António Cedeño 0-0: Ball
1-0: Called Strike
1-1: Ball
2-1: Fly out, F9 (Flyball, 9D)
Top of the 9th over - 0 runs, 0 hits, 0 errors, 0 left on base; Jersey Shore 4 - Kansas City 4
BOTTOM OF THE 9TH
Kansas City Kings batting - Pitching for Jersey Shore D-Bags : LHP Hyo-chin Kim
Pitching: RHP John Hall
Now at 1B: António Cedeño
Now in RF: Ray Bryant
Batting: SHB Douglas Taylor 0-0: Swinging Strike
0-1: Foul Ball, location: 2F
0-2: Ball
1-2: Ball
2-2: Foul Ball, location: 2F
2-2: DOUBLE (Line Drive, 8LD)
Batting: RHB Dave Parker 0-0: Ball
1-0: Fly out, F9 (Flyball, 9LS)
Batting: RHB Chris Chandler 0-0: Called Strike
0-1: Ball
1-1: Fly out, F9 (Flyball, 9LS)
Batting: LHB Ron Crawford 0-0: Ball
1-0: SINGLE (Groundball, 4D)
Douglas Taylor to third
Runner from 3rd tries for Home, SAFE, no throw
Saturday, April 7th, 2018 - OOTP Baseball 18.8 Build 76